 Dungeon Crawl Stone Soup version 0.18-a0-952-g309898a (webtiles) character file.

7281 filipzpl the Fighter (level 10, -2/100 HPs)
             Began as a Minotaur Fighter on Dec 30, 2015.
             Was a Priest of Trog.
             Killed from afar by a gargoyle (17 damage)
             ... with a stone arrow
             ... on level 10 of the Dungeon.
             The game lasted 00:20:28 (8828 turns).

filipzpl the Fighter (Minotaur Fighter)             Turns: 8828, Time: 00:20:28

Health: -2/100     AC: 17    Str: 24    XL:     10   Next: 89%
Magic:  9/9        EV:  5    Int:  5    God:    Trog [***...]
Gold:   527        SH:  9    Dex: 10    Spells: 0 memorised, 9 levels left

rFire  . . .     SeeInvis .     L - +1 broad axe
rCold  . . .     Gourm    .     J - +0 plate armour
rNeg   + . .     Faith    .     c - +0 shield
rPois  .         Spirit   .     (helmet restricted)
rElec  .         Dismiss  .     w - +2 cloak
rCorr  +         Reflect  .     (no gloves)
SustAt .         Harm     .     (no boots)
MR     .....                    v - amulet of resist corrosion
Stlth  ..........               y - ring of loudness
                                g - ring of positive energy

@: exhausted, slowed, very slow, not resistant to hostile enchantments,
extremely unstealthy
A: retaliatory headbutt, horns 2
a: Berserk, Trog's Hand, Burn Spellbooks, Renounce Religion


You were on level 10 of the Dungeon.
You worshipped Trog.
Trog was most pleased with you.
You were near starving.

You visited 1 branch of the dungeon, and saw 10 of its levels.

You collected 527 gold pieces.

Inventory:

Hand Weapons
 L - a +1 broad axe (weapon)
Armour
 c - a +0 shield (worn)
 w - a +2 cloak (worn)
 J - a +0 plate armour (worn)
Jewellery
 g - a ring of positive energy (left hand)
 v - an amulet of resist corrosion (around neck)
 y - a ring of loudness (right hand)
 E - an uncursed ring of poison resistance {unknown}
 F - an uncursed amulet of regeneration {unknown}
Wands
 a - a wand of digging (8/24)
 k - a wand of polymorph (16/24)
 m - a wand of frost (22/48)
 n - a wand of digging (1/24)
 o - a wand of fire (6/15)
 r - a wand of polymorph (24/24)
 s - a wand of frost (11/48)
 G - a wand of frost (27/48)
 H - a wand of magic darts (29/48)
 I - a wand of lightning (2/15)
Scrolls
 e - 4 scrolls of identify
 j - 4 scrolls of remove curse
 p - 2 scrolls of amnesia
 t - a scroll of holy word {unknown}
 u - a scroll of enchant armour
 A - a scroll of acquirement
 B - a scroll of enchant weapon
 D - 2 scrolls of magic mapping
Potions
 b - a potion of lignification {unknown}
 d - 2 potions of might
 h - 2 potions of beneficial mutation {unknown}
 i - 10 potions of curing
 q - a potion of cancellation
 x - a potion of heal wounds {unknown}
 C - a potion of ambrosia {unknown}
 M - a potion of poison {unknown}
 N - a potion of brilliance {unknown}
Comestibles
 f - 11 bread rations
 l - 5 meat rations
 z - 8 beef jerkies
 K - a royal jelly


   Skills:
 * Level 12.9 Fighting
 * Level 12.6 Axes
 + Level 9.4 Armour
 - Level 4.0 Shields


You had 9 spell levels left.
You didn't know any spells.

Dungeon Overview and Level Annotations

Branches:
Dungeon (10/15)            Temple (0/1) D:7
   Lair: D:8-11         Orc: D:9-12

Altars:
Ashenzari
Cheibriados
Gozag
Nemelex Xobeh
Okawaru
Pakellas
Trog
Xom
Yredelemnul
The Shining One

Annotations:
D:8 1 exclusion


Innate Abilities, Weirdness & Mutations

You reflexively headbutt those who attack you in melee.
You have a pair of horns on your head.


Message History

Items here: ) [ ††† a dagger; a robe; an orc corpse; a yak corpse; a yak corpse The giant frog zombie hits you but does no damage.
The giant frog zombie hits you but does no damage.
The giant frog zombie hits you but does no damage.
A sky beast appears from thin air!
Reactivating autopickup.
The giant frog zombie hits you.
* * * LOW HITPOINT WARNING * * *
You block the giant frog zombie's attack.
An adder and a phantom come into view.
The sky beast flickers out of sight!
Deactivating autopickup; reactivate with Ctrl-A.
The phantom blinks!
The giant frog zombie hits you but does no damage.
The giant frog zombie hits you but does no damage.
You block the giant frog zombie's attack.
The gargoyle hurls a stone arrow at you.
The stone arrow hits you!
You die...

...........#...###
<.........^######
.............##.#
.#.........#.##.###
.#.........#..#...#
.#.........##.###.#####
......................#
#.....................#
..............Z@>....#
###.......S..≈.....#
....###9###†##### .#..#
#..##.# .##
####..####.##)# .#.
#$.#...#..{9#.# ...
#......#.##.#.#
...###.Z.....##.#.#
#......###...##)#.#


You could see a gargoyle, an adder and a giant frog zombie.

Vanquished Creatures
  A hydra (D:10)
  A hill giant (D:10)
  An ugly thing (D:10)
  A troll (D:9)
  A slime creature (D:7)
  A vampire mosquito (D:10)
  A hungry ghost (D:8)
  3 yaks (D:10)
  A mottled dragon (D:10)
  5 orc warriors
  3 phantoms
  2 sky beasts
  A necrophage (D:9)
  A black bear (D:8)
  A wasp (D:5)
  3 ice beasts
  6 ogres
  A centaur (D:6)
  2 giant frogs
  3 wights (D:6)
  2 scorpions
  4 killer bees (D:8)
  5 crimson imps
  A centaur zombie (D:8)
  13 jellies
  2 wasp zombies
  5 orc priests
  4 hounds
  11 orc wizards
  2 iguanas (D:5)
  10 worker ants
  2 hound skeletons
  A hound zombie (D:6)
  4 gnolls (D:8)
  3 shadow imps
  6 adders
  12 oozes
  3 worms
  An adder skeleton (D:6)
  9 giant geckos
  28 orcs
  4 bats
  9 giant cockroaches
  7 goblins
  3 hobgoblins
  6 jackals
  10 kobolds
  A quokka (D:6)
  2 ball pythons
  A giant gecko skeleton (D:5)
  5 giant newts
  8 rats
  2 fungi (D:7)
225 creatures vanquished.

Vanquished Creatures (others)
  3 fungi (D:7)
3 creatures vanquished.

Grand Total: 228 creatures vanquished

Notes
Turn   | Place    | Note
--------------------------------------------------------------
     0 | D:1      | filipzpl the Minotaur Fighter began the quest for the Orb.
     0 | D:1      | Reached XP level 1. HP: 19/19 MP: 0/0
    49 | D:1      | Reached skill level 4 in Shields
    71 | D:1      | Reached XP level 2. HP: 24/27 MP: 1/1
   533 | D:2      | Reached XP level 3. HP: 23/33 MP: 2/2
   622 | D:2      | Found an oddly glowing altar of Pakellas.
  1144 | D:3      | Found an iron altar of Okawaru.
  1294 | D:3      | Reached XP level 4. HP: 41/41 MP: 3/3
  1375 | D:3      | Reached skill level 5 in Fighting
  1380 | D:3      | Reached XP level 5. HP: 4/48 MP: 4/4
  2219 | D:4      | Found an oddly glowing altar of Pakellas.
  2303 | D:4      | Found a sparkling altar of Nemelex Xobeh.
  2621 | D:4      | Noticed an ogre
  2627 | D:4      | Killed an ogre
  2779 | D:5      | Entered Level 5 of the Dungeon
  2797 | D:5      | Reached skill level 5 in Axes
  2797 | D:5      | Reached XP level 6. HP: 55/57 MP: 5/5
  2807 | D:5      | Reached skill level 6 in Fighting
  2807 | D:5      | Reached skill level 5 in Armour
  3468 | D:5      | Reached XP level 7. HP: 51/64 MP: 6/6
  3731 | D:5      | Reached skill level 7 in Fighting
  3868 | D:6      | HP: 3/66 [wight/falchion (7)]
  4439 | D:6      | Reached XP level 8. HP: 20/74 MP: 7/7
  4761 | D:6      | Found an opulent altar of Gozag.
  4764 | D:6      | Found a shattered altar of Ashenzari.
  4767 | D:6      | Found a bloodstained altar of Trog.
  4771 | D:6      | Became a worshipper of Trog the Wrathful
  4828 | D:6      | Identified a scroll of acquirement
  4897 | D:6      | Reached skill level 8 in Fighting
  5379 | D:7      | Reached * piety under Trog
  5385 | D:7      | Reached skill level 9 in Fighting
  5878 | D:7      | Noticed a slime creature
  5894 | D:7      | Killed a slime creature
  5894 | D:7      | Reached XP level 9. HP: 85/85 MP: 8/8
  5902 | D:7      | Reached skill level 10 in Fighting
  5912 | D:7      | Reached ** piety under Trog
  6156 | D:7      | Found a staircase to the Ecumenical Temple.
  6222 | D:7      | Reached skill level 10 in Axes
  6976 | D:8      | Reached skill level 11 in Fighting
  7376 | D:8      | Found a snail-covered altar of Cheibriados.
  7838 | D:9      | Found a glowing golden altar of the Shining One.
  7848 | D:9      | Found a shimmering altar of Xom.
  7872 | D:9      | Reached XP level 10. HP: 96/96 MP: 9/9
  7882 | D:9      | Reached *** piety under Trog
  8586 | D:10     | Entered Level 10 of the Dungeon
  8665 | D:10     | Noticed a green ugly thing
  8675 | D:10     | Killed a green ugly thing
  8675 | D:10     | Reached skill level 12 in Fighting
  8764 | D:10     | Found a basalt altar of Yredelemnul.
  8767 | D:10     | Noticed a hill giant
  8771 | D:10     | Noticed a four-headed hydra
  8802 | D:10     | Killed a hill giant
  8812 | D:10     | Killed an eight-headed hydra
  8828 | D:10     | Killed from afar by a gargoyle

Vault maps used:
D:1:      ncdulo_watergridlock
D:2:      nicolae_overflow_crystal_walls, lightli_corner_chamber
D:3:      nicolae_overflow_hidden_temple, kennysheep_generic_room_7
D:4:      nemelex_xobeh_ov_fountains_minmay, first_bread, johnstein_pakellas_dig
D:5:      grunt_ministairs_6
D:6:      grunt_temple_overflow_diamond
D:7:      lemuel_slime, temple_hall
D:8:      old_standard_altar, amethyst_killhole, grunt_ogre_cave, minivault_1
D:9:      xom_teletrap_fun, kennysheep_mini_moat
D:10:     hangedman_cross_cluster, minmay_lair_entry_lava,
          minmay_orc_entry_temple_small, minmay_misc_feat_columns,
          eino_tiny_chamber

Action                   |  1- 3 |  4- 6 |  7- 9 | 10-12 || total
-------------------------+-------+-------+-------+-------++-------
Melee: War axe           |   121 |    97 |   357 |       ||   575
       Broad axe         |       |       |     9 |   106 ||   115
Invok: Berserk           |       |       |     2 |     1 ||     3
       Burn Spellbooks   |       |       |     1 |       ||     1
  Use: Scroll            |       |    16 |     7 |       ||    23
  Eat: Chunk             |     1 |     1 |     1 |     3 ||     6
       Beef jerky        |       |     1 |     2 |       ||     3
       Meat ration       |       |     1 |     1 |       ||     2
       Bread ration      |       |       |     1 |       ||     1
       Royal jelly       |       |       |     1 |       ||     1
       Pizza             |       |       |     1 |       ||     1
